 Dungeon Crawl Stone Soup version 0.31.0-9-g3a7656b989 (webtiles) character file.

Game seed: 3379387939089970924

109 BritishOli the Trooper (level 4, -3/37 HPs)
             Began as a Demonspawn Fighter on Jan 27, 2024.
             Was an Initiate of Okawaru.
             Killed by nerve-wracking pain
             ... invoked by an orc priest
              (12 damage)
             ... on level 4 of the Dungeon.
             The game lasted 00:02:08 (2356 turns).

BritishOli the Trooper (Demonspawn Fighter)         Turns: 2356, Time: 00:02:09

Health: -3/37      AC:  9    Str: 19    XL:     4   Next: 60%
Magic:  4/4        EV:  9    Int:  8    God:    Okawaru [......]
Gold:   184        SH:  8    Dex: 12    Spells: 3/3 levels left

rFire   . . .        a - +0 long sword
rCold   + . .        c - +0 buckler
rNeg    . . .        b - +0 scale mail
rPois   .            k - +0 helmet
rElec   .            f - +0 cloak
rCorr   .            (no gloves)
SInv    .            (no boots)
Will    .....        (no amulet) Stlth
                     s - ring of protection from cold
HPRegen 0.26/turn    (no ring)
MPRegen 0.09/turn

%: no passive effects
@: no status effects
A: large bone plates 1, powered by death 1
a: Renounce Religion


You were on level 4 of the Dungeon.
You worshipped Okawaru.
Okawaru was noncommittal.
You visited 1 branch of the dungeon, and saw 4 of its levels.

You collected 184 gold pieces.

Inventory:

Hand Weapons
 a - a +0 long sword (weapon)
Armour
 b - a +0 scale mail (worn)
 c - a +0 buckler (worn)
 f - a +0 cloak (worn)
 k - a +0 helmet (worn)
Jewellery
 s - a ring of protection from cold (left hand)
Wands
 t - a wand of quicksilver (1)
Scrolls
 e - a scroll of torment {unknown}
 h - 2 scrolls of noise {unknown}
 l - 3 scrolls of teleportation {unknown}
 m - a scroll of fear {unknown}
 n - a scroll of poison {unknown}
 o - a scroll of fog {unknown}
 q - a scroll of identify {unknown}
Potions
 d - a potion of might
 g - 4 potions of curing {unknown}
 i - a potion of heal wounds {unknown}
 j - 2 potions of enlightenment {unknown}
 p - a potion of ambrosia {unknown}
 r - a potion of cancellation {unknown}


   Skills:
 * Level 4.0 Fighting
 + Level 2.6 Long Blades
 + Level 3.3 Armour
 - Level 0.5 Dodging
 - Level 3.0 Shields


You had 3 spell levels left.
You didn't know any spells.
Your spell library contained the following spells:

 Spells                   Type           Power      Damage    Failure   Level
 Apportation              Tloc           0%         N/A       85%         1
 Jinxbite                 Hex            0%         N/A       94%         2
 Cause Fear               Hex            0%         N/A       100%        4
 Alistair's Intoxication  Alch           0%         N/A       100%        5
 Borgnjor's Vile Clutch   Necr/Erth      0%         N/A       100%        5
 Fireball                 Conj/Fire      0%         3d3       100%        5
 Animate Dead             Necr           Unusable   N/A       N/A         4
 Death Channel            Necr           Unusable   N/A       N/A         6
 Dragon's Call            Summ           Unusable   N/A       N/A         9

Dungeon Overview and Level Annotations

Branches:
Dungeon (4/15)             Temple (0/1) D:4

Altars:
Gozag
Makhleb
Okawaru
Wu Jian

Annotations:
D:3 2 transporters, AlterAsc's ghost, amateur DsFi
D:4 Blork the orc


Innate Abilities, Weirdness & Mutations

You are partially covered in large bone plates. (SH +4)
You regenerate a little health from kills.


Message History

The orc attacks as it pursues you! You block the orc's attack.
The orc priest attacks as it pursues you!
The orc priest hits you but does no damage.
You slash the orc priest!
The orc priest is heavily wounded.
The orc priest barely misses you.
The orc priest hits you with a +0 flail.
You slash the orc priest!
The orc priest is almost dead.
The orc priest begins to cast a cantrip, but forgets the words!
You hit the orc priest.
The orc priest is almost dead.
The orc priest hits you but does no damage.
You barely miss the orc priest.
The orc priest is almost dead.
You block the orc priest's attack.
You slash the orc!
You kill the orc!
Okawaru accepts your kill.
The orc priest mumbles some strange prayers to Beogh against you.
Pain shoots through your body!
* * * LOW HITPOINT WARNING * * *
You hit the orc but do no damage. You block the orc's attack.
You hit the orc but do no damage. The orc hits you but does no damage.
The orc closely misses you.
You hit the orc.
The orc is heavily wounded.
You block the orc's attack.
You hit the orc but do no damage.
The orc is heavily wounded.
You block the orc's attack.
You closely miss the orc.
The orc is heavily wounded.
The orc hits you but does no damage.
You hit the orc.
You kill the orc!
Okawaru accepts your kill.
The orc priest invokes the aid of Beogh against you.
Pain shoots through your body!
You die...

##........#
#.######.# #.#
#.### #.# #...#
##.## ###.# #...#
#.# #...# #.#
#...# #.# #...#
#@#
######...#######o#
$....#...#....).o#
.....#...#.......#
.....#...#.......#
.....#...#.......#
######...#########
#...# #...#


You could see an orc priest and an orc.

Vanquished Creatures
  4 adders
  A dart slug (D:2)
  3 ribbon worms (D:2)
  4 orcs
  4 bats
  7 endoplasms
  8 goblins
  5 hobgoblins
  4 jackals (D:1)
  7 kobolds
  A quokka (D:4)
  8 ball pythons
  2 frilled lizards
  5 rats
63 creatures vanquished.

Notes
Turn   | Place    | Note
-------+----------+-------------------------------------------
     0 | D:1      | BritishOli the Demonspawn Fighter began the quest for the
                  | Orb.
     0 | D:1      | Reached XP level 1. HP: 18/18 MP: 1/1
   183 | D:1      | Gained mutation: You are partially covered in large bone
                  | plates. (SH +4) [demonic ancestry]
   183 | D:1      | Reached XP level 2. HP: 24/24 MP: 2/2
   779 | D:2      | Gained mutation: You regenerate a little health from kills.
                  | [demonic ancestry]
   779 | D:2      | Reached XP level 3. HP: 29/29 MP: 3/3
  1145 | D:2      | Reached XP level 4. HP: 37/37 MP: 4/4
  1664 | D:3      | Found an iron altar of Okawaru.
  1666 | D:3      | Found an opulent altar of Gozag.
  1692 | D:3      | Found an ornate altar of the Wu Jian Council.
  1696 | D:3      | Became a worshipper of Warmaster Okawaru
  1982 | D:3      | Reached skill level 4 in Fighting
  2062 | D:3      | Found a burning altar of Makhleb.
  2109 | D:3      | Found a transporter.
  2109 | D:3      | Identified the +5 dire flail "Vudusy" {spect, rElec rF- rN+
                  | Will++}
  2109 | D:3      | Noticed an ogre
  2109 | D:3      | Noticed AlterAsc's ghost (amateur DsFi)
  2111 | D:3      | Found a transporter.
  2272 | D:4      | Noticed Blork the orc
  2308 | D:4      | Found a staircase to the Ecumenical Temple.
  2356 | D:4      | Killed from afar by an orc priest

Illustrated notes

Levels and vault maps discovered:
D:1:      dpeg_arrival_tiny_a, layout_basic
D:2:      layout_basic
D:3:      layout_basic, general_overflow_altar, grunt_temple_overflow_open,
          gammafunk_ghost_smash
D:4:      layout_rooms, minmay_temple_entry_statues_fountains,
          serial_co_window_serial, co_window_paths_b, co_window_paths_a,
          co_window_paths_a, co_window_of_opportunity_a, co_window_paths_a,
          co_window_of_opportunity_b, co_window_2corner, co_window_corner_cb,
          co_window_corner_b, co_window_broadway_c, co_window_unsneaky_path_e,
          co_window_corner_cb, co_window_4corner_a, co_window_paths_d,
          glass_columns_b, glass_columns_a, feat_on_display, uniq_blork_the_orc,
          uniq_pikel

Skill      XL: |  1  2  3  4 |
---------------+-------------+-----
Long Blades    | 2 |  2.6
Shields        | 3 |  3.0
Armour         | 3 |  3.3
Fighting       | 4 |  4.0
Dodging        | |  0.5

Action                     |  1- 3 |  4- 6 || total
---------------------------+-------+-------++-------
  Melee: Long sword        |   132 |    83 ||   215
 Armour: Scale mail        |    87 |    59 ||   146
  Dodge: Dodged            |    51 |    33 ||    84
  Block: Buckler           |    51 |    50 ||   101
